 Dungeon Crawl Stone Soup version 0.30-a0-778-g2ef04afb54 (webtiles) character file.

Game seed: 9116300451733584363

249777 DEFE the Executioner (level 19, -8/143 HPs)
             Began as a Demonspawn Wanderer on Feb 15, 2023.
             Was a High Priest of Okawaru.
             Mangled by an ironbound thunderhulk
             ... wielding a +0 dire flail
              (19 damage)
             ... on level 3 of the Vaults.
             The game lasted 00:41:58 (31549 turns).

DEFE the Executioner (Demonspawn Wanderer)         Turns: 31549, Time: 00:41:59

Health: -8/143     AC: 41    Str: 27    XL:     19   Next: 28%
Magic:  31/31      EV:  7    Int: 11    God:    Okawaru [*****.]
Gold:   757        SH:  9    Dex: 20    Spells: 18/18 levels left

rFire   + + .      SeeInvis +    K - +9 executioner's axe (elec)
rCold   + . .      Faith    .    (shield currently unavailable)
rNeg    . . .      Spirit   .    G - +1 gold dragon scales
rPois   +          Reflect  +    (helmet unavailable)
rElec   +          Harm     .    p - +2 cloak of Stoicism {Regen+ rCorr Str+3}
rCorr   +          Rampage  +    i - +1 pair of gloves of Dorur {Will+ Str+2 Stlth+}
Will    ++...                    X - +0 pair of boots {rampage} Stlth
                                 F - amulet of reflection
HPRegen 1.23/turn                u - ring of protection from fire
MPRegen 0.22/turn                N - +6 ring of dexterity

@: mighty, about to teleport, studying Fighting
A: antennae 3, thin metallic scales 3, icemail 2, powered by pain 2,
condensation shield
}: 1/15 runes: serpentine
a: Renounce Religion, Heroism, Finesse, Duel


You were on level 3 of the Vaults.
You worshipped Okawaru.
Okawaru was extremely pleased with you.
You visited 6 branches of the dungeon, and saw 30 of its levels.
You also visited: Trove, Sewer and Ice Cave.

You collected 3695 gold pieces.
You spent 2938 gold pieces at shops.

Inventory:

Hand Weapons
 w - the +9 demon whip of Virtue {venom, rElec rCorr Int-3 SInv}
   (Okawaru gifted it to you on level 15 of the Dungeon)

   Int:       It affects your intelligence (-3).
   rElec:     It insulates you from electricity.
   SInv:      It lets you see invisible.
   rCorr:     It protects you from acid and corrosion.
 B - the +8 war axe "Hydrabane" {spect, Drain rF+ Int+3}
   (You found it on level 2 of the Dungeon)

   Int:       It affects your intelligence (+3).
   rF:        It protects you from fire.
   Drain:     It drains your maximum health when unequipped.
 K - a +9 executioner's axe of electrocution (weapon)
Armour
 h - a +2 buckler of cold resistance
 i - the +1 pair of gloves of Dorur (worn) {Will+ Str+2 Stlth+}
   (You found it in a treasure trove)

   Str:       It affects your strength (+2).
   Will:      It increases your willpower.
   Stlth:     It makes you more stealthy.
 m - the +3 ring mail "Vanyun" {rPois rF+ rN++ SInv}
   (You found it on level 2 of the Dungeon)

   rF:        It protects you from fire.
   rPois:     It protects you from poison.
   rN:        It greatly protects you from negative energy.
   SInv:      It lets you see invisible.
 p - the +2 cloak of Stoicism (worn) {Regen+ rCorr Str+3}
   (Okawaru gifted it to you on level 12 of the Dungeon)

   Str:       It affects your strength (+3).
   Regen:     It increases your rate of health regeneration.
   rCorr:     It protects you from acid and corrosion.
 r - a +1 cloak of willpower
 v - a +0 cloak of poison resistance
 G - +1 gold dragon scales (worn)
 X - a +0 pair of boots of rampaging (worn)
 Z - a scarf of repulsion
Jewellery
 u - a ring of protection from fire (left hand)
 z - an amulet of faith
 F - an amulet of reflection (around neck)
 J - a ring of ice
 N - a +6 ring of dexterity (right hand)
 T - a ring of positive energy
 W - a ring of ice
Wands
 f - a wand of roots (3)
 n - a wand of polymorph (10)
 o - a wand of mindburst (13)
 E - a wand of flame (22)
 I - a wand of paralysis (24)
 P - a wand of digging (25)
 Y - a wand of acid (5)
Scrolls
 c - 11 scrolls of fog
 d - 4 scrolls of immolation
 k - 9 scrolls of teleportation
 q - 3 scrolls of torment
 s - 3 scrolls of brand weapon
 x - 7 scrolls of fear
 y - 10 scrolls of magic mapping
 A - 6 scrolls of vulnerability
 H - 7 scrolls of poison
 L - 6 scrolls of identify
 M - a scroll of enchant weapon
 O - 3 scrolls of blinking
Potions
 a - 2 potions of cancellation
 b - 5 potions of brilliance
 e - a potion of berserk rage
 g - 7 potions of haste
 j - 4 potions of might
 l - 4 potions of attraction
 t - 2 potions of lignification
 C - 13 potions of curing
 D - 4 potions of invisibility
 Q - 2 potions of magic
 R - a potion of resistance
 S - 4 potions of mutation
 U - 4 potions of flight
 V - 6 potions of ambrosia


   Skills:
 - Level 11.0 Fighting
 * Level 22.6(22.7) Axes
 - Level 2.1(15.1) Maces & Flails
 - Level 1.0 Throwing
 + Level 15.6 Armour
 - Level 1.0 Dodging
 - Level 1.7 Shields
 - Level 2.6 Unarmed Combat
 - Level 16.2 Invocations
 - Level 11.2 Evocations


You had 18 spell levels left.
You didn't know any spells.
Your spell library contained the following spells:

 Spells                   Type           Power      Damage    Failure   Level
 Apportation              Tloc           0%         N/A       100%        1
 Necrotise                Necr           0%         1d4       100%        1
 Blink                    Tloc           0%         N/A       100%        2
 Cigotuvi's Dreadful Rot  Necr/Pois/Air  0%         N/A       100%        2
 Ensorcelled Hibernation  Hex/Ice        0%         N/A       100%        2
 Lesser Beckoning         Tloc           0%         N/A       100%        2
 Momentum Strike          Conj/Tloc      0%         3d8       100%        2
 Passwall                 Tmut/Erth      0%         N/A       100%        2
 Poisonous Vapours        Pois/Air       0%         N/A       100%        2
 Sublimation of Blood     Necr           0%         N/A       100%        2
 Wereblood                Tmut           0%         N/A       100%        2
 Dazzling Flash           Conj/Hex       0%         N/A       100%        3
 Hailstorm                Conj/Ice       0%         3d3       100%        3
 Ignite Poison            Fire/Tmut/Pois 0%         N/A       100%        3
 Inner Flame              Hex/Fire       0%         N/A       100%        3
 Kindle Blastsparks       Fire/Tloc/Air  0%         2d10      100%        3
 Mephitic Cloud           Conj/Pois/Air  0%         N/A       100%        3
 Spider Form              Tmut/Pois      0%         N/A       100%        3
 Anguish                  Hex/Necr       0%         N/A       100%        4
 Cause Fear               Hex            0%         N/A       100%        4
 Dispel Undead            Necr           0%         3d6       100%        4
 Ice Form                 Ice/Tmut       0%         N/A       100%        4
 Manifold Assault         Tloc           0%         N/A       100%        4
 Petrify                  Tmut/Erth      0%         N/A       100%        4
 Freezing Cloud           Conj/Ice/Air   0%         6-21      100%        5
 Iskenderun's Battlesphe  Conj           0%         2d6       100%        5
 Metabolic Englaciation   Hex/Ice        0%         N/A       100%        5
 Dispersal                Tloc           0%         N/A       100%        6
 Eringya's Noxious Bog    Tmut/Pois      0%         N/A       100%        6
 Iron Shot                Conj/Erth      0%         9d1       100%        6
 Statue Form              Tmut/Erth      0%         N/A       100%        6
 Orb of Destruction       Conj           0%         9d5       100%        7
 Discord                  Hex            0%         N/A       100%        8
 Disjunction              Tloc           0%         N/A       100%        8
 Necromutation            Tmut/Necr      0%         N/A       100%        8
 Summon Small Mammal      Summ           Unusable   N/A       N/A         1
 Summon Guardian Golem    Hex/Summ       Unusable   N/A       N/A         3
 Animate Dead             Necr           Unusable   N/A       N/A         4
 Summon Forest            Summ/Tloc      Unusable   N/A       N/A         5
 Summon Mana Viper        Hex/Summ       Unusable   N/A       N/A         5
 Death Channel            Necr           Unusable   N/A       N/A         6
 Simulacrum               Ice/Necr       Unusable   N/A       N/A         6
 Spellforged Servitor     Conj/Summ      Unusable   N/A       N/A         7
 Summon Hydra             Summ           Unusable   N/A       N/A         7

Dungeon Overview and Level Annotations

Branches:
Dungeon (15/15)            Temple (1/1) D:7            Lair (5/5) D:10
  Swamp (0/4) Lair:3        Snake (4/4) Lair:3        Slime (0/5) Lair:4
    Orc (2/2) D:11            Elf (0/3) Orc:2        Vaults (3/5) D:14
 Depths (0/4) D:15          Sewer (visited)           IceCv (visited)
  Crypt: Vaults:2-3

Altars:
Ashenzari
Dithmenos
Fedhas
Gozag
Hepliaklqana
Kikubaaqudgha
Okawaru
Sif Muna
Uskayaw
Vehumet
Wu Jian
Yredelemnul
Jiyva

Shops:
D:4 :   Orc:2 :([(   Snake:2 [?[*[   Snake:4 [   Vaults:1 *

Annotations:
D:8 3 runed translucent doors, Ignak's ghost, novice OgHW
Vaults:3 Boris


Innate Abilities, Weirdness & Mutations

You have a pair of large antennae on your head. (SInv)
You are completely covered in thin metallic scales. (AC +4, rElec)
A meltable icy envelope protects you from harm. (AC +8)
You sometimes gain power by taking damage.
A meltable shield of frost defends you. (SH +4)


Message History

The ironbound preserver begins to accept its allies' injuries.
You take 19 damage, and have 14/143 hp.
You rampage towards the ironbound preserver!
You slice the ironbound preserver!!
Lightning courses through the ironbound preserver!
You slash the deep troll! You slice the deep troll!!
Unknown command.
Unknown command.
As you read the scroll of teleportation, it crumbles to dust.
You feel strangely unstable.
The deep troll bites you but does no damage.
The deep troll claws you but does no damage. x2
The ironbound preserver barely misses you.
The deep troll bites you but does no damage.
The deep troll claws you but does no damage.
You block the deep troll's attack.
You regained 2 hp, and now have 17/143 hp.
Unknown command.
You feel better.
The deep troll bites you but does no damage.
You block the deep troll's attack. The deep troll claws you.
* * * LOW HITPOINT WARNING * * *
The deep troll barely misses you.
The deep troll claws you but does no damage.
The deep troll claws you.
* * * LOW HITPOINT WARNING * * *
You block the deep troll's attack. The deep troll closely misses you.
You block the deep troll's attack.
The ironbound preserver hits you with a +0 morningstar.
* * * LOW HITPOINT WARNING * * *
Unknown command.
You take 6 damage, and have 11/143 hp.
Unknown command.
Unknown command.
The deep troll attacks as you move away!
The deep troll barely misses you.
The deep troll claws you but does no damage. x2
The ironbound thunderhulk attacks as you move away!
The ironbound thunderhulk hits you with a +0 dire flail!!
You die...

#+######
#......#
#......#
#....T.#
#...p@.#
#...TTO#
#......#
#......#
#......#
#......#
########


You could see an ironbound preserver, an ironbound thunderhulk (sheltered) and 3
deep trolls.

Vanquished Creatures
  An ancient lich (Vaults:3)
  Vashnia (Snake:3)
  Saint Roka (Snake:2)
  Xtahua (Vaults:2)
  Jorgrun (Snake:1)
  Rupert (Snake:1)
  Mlioglotl (Snake:4)
  3 sphinxes
  A tengu reaver (Vaults:2)
  Kirke (Snake:3)
  13 nagarajas (Snake:4)
  6 vault wardens
  Aizul (Snake:1)
  2 frost giants (Vaults:1)
  An orc warlord (Vaults:2)
  Louise (Snake:1)
  A reaper (IceCv)
  A stone giant (Vaults:1)
  10 ironbound preservers
  6 ironbound thunderhulks
  A war gargoyle (Vaults:3)
  Nessos (Lair:3)
  7 dire elephants
  An ettin (Vaults:1)
  5 great orbs of eyes
  5 yaktaur captains
  2 entropy weavers (Vaults:1)
  4 hydras
  A rakshasa (D:15)
  2 salamander tyrants (Snake:3)
  6 vault guards
  4 ironbound frosthearts (Vaults:2)
  4 anacondas
  23 centaur warriors
  An ogre mage (D:15)
  A two-headed ogre (shapeshifter) (D:14)
  6 two-headed ogres
  A tengu warrior (D:15)
  3 boulder beetles
  13 naga warriors
  3 orc high priests (Orc:2)
  12 death yaks
  23 naga sharpshooters
  8 shock serpents
  6 salamander mystics
  A fire crab (shapeshifter) (D:15)
  5 sea snakes
  14 skeletal warriors
  2 swamp dragons (Lair:2)
  7 deep trolls
  7 lindwurms
  9 orc knights
  11 ironbound convokers
  6 naga ritualists
  2 wizards (Vaults:2)
  A deep elf zephyrmancer (D:12)
  A sphinx zombie (Vaults:2)
  2 necromancers
  4 harpies (Vaults:1)
  12 mana vipers
  14 ugly things
  7 cyclopes
  A stone giant zombie (Vaults:2)
  3 deep elf pyromancers (D:14)
  4 orc sorcerers (Orc:2)
  9 elephants
  3 manticores
  18 salamanders
  2 torpor snails
  A stone giant skeleton (Vaults:2)
  14 naga magi
  34 black mambas
  2 ice statues (IceCv)
  7 vault sentinels
  7 guardian serpents
  24 cane toads
  2 efreet
  4 rime drakes
  18 yaktaurs
  9 komodo dragons
  A yaktaur (shapeshifter) (D:12)
  3 anaconda simulacra (IceCv)
  2 guardian mummies (D:11)
  An unseen horror (D:11)
  9 trolls
  8 ice devils (IceCv)
  A queen bee (D:13)
  3 tyrant leeches (Lair:5)
  5 hornets
  3 polar bears
  3 meliai (D:13)
  5 dream sheep (Lair:1)
  A hornet (shapeshifter) (D:11)
  A tarantella (shapeshifter) (D:14)
  22 blink frogs
  A raiju (shapeshifter) (D:13)
  An ettin skeleton (Vaults:2)
  38 slime creatures
  A jumping spider (shapeshifter) (D:14)
  3 wyverns
  36 yaks
  A vampire (D:11)
  4 hogs (Snake:3)
  3 dire elephant simulacra (IceCv)
  A wraith (D:9)
  A wyvern (shapeshifter) (D:14)
  3 steam dragons
  3 basilisks
  A golden eye (Sewer)
  2 humans (Snake:3)
  16 vampire mosquitoes
  Menkaure (D:5)
  A harpy simulacrum (IceCv)
  5 wargs
  3 acid dragons
  43 nagas
  13 water moccasins
  3 hydra simulacra (IceCv)
  A swamp drake (Lair:3)
  A sky beast (D:7)
  26 orc warriors
  A black bear (D:7)
  3 elephant zombies (Lair:4)
  4 ogres
  2 ice beasts
  A boggart (D:12)
  14 centaurs
  A phantom (D:6)
  3 kobold brigands
  A komodo dragon zombie (Lair:4)
  13 bullfrogs
  A gnoll sergeant (D:9)
  7 wights
  An elephant simulacrum (IceCv)
  A human simulacrum (Vaults:2)
  19 killer bees
  9 electric eels
  3 howler monkeys (D:8)
  A basilisk zombie (Lair:4)
  A jelly (Sewer)
  A hound (D:3)
  A gnoll bouda (D:5)
  20 orc priests
  26 orc wizards
  2 iguanas
  11 gnolls
  6 adders
  A naga simulacrum (IceCv)
  2 river rats (Sewer)
  2 white imps
  3 ufetubi
  3 worms
  A dart slug (D:3)
  61 orcs
  11 endoplasms
  18 giant cockroaches
  5 goblins
  2 hobgoblins
  3 quokkas
  12 ball pythons
  4 bats
  5 frilled lizards (Sewer)
  12 kobolds
  2 rats
  A butterfly (Lair:1)
1045 creatures vanquished.

Vanquished Creatures (others)
  A naga mage (Snake:2)
  A yak (Lair:3)
  A naga (Snake:2)
  An orc wizard (Orc:2)
  38 fungi
  87 plants
129 creatures vanquished.

Grand Total: 1174 creatures vanquished

Notes
Turn   | Place    | Note
-------+----------+-------------------------------------------
     0 | D:1      | DEFE the Demonspawn Wanderer began the quest for the Orb.
     0 | D:1      | DEFE set off with the following items: a +0 club, a scroll
                  | of blinking, a scroll of fog, a +0 buckler, a potion of
                  | heal wounds, a +0 leather armour, a potion of haste.
     0 | D:1      | Reached XP level 1. HP: 18/18 MP: 1/1
   364 | D:1      | Gained mutation: You sometimes gain a little power by
                  | taking damage. [demonic ancestry]
   364 | D:1      | Reached XP level 2. HP: 23/24 MP: 2/2
   798 | D:2      | Identified the +3 ring mail "Vanyun" {rPois rF+ rN++ SInv}
  1473 | D:2      | Reached skill level 1 in Maces & Flails
  1526 | D:2      | Reached XP level 3. HP: 29/29 MP: 3/3
  1789 | D:2      | Identified the +8 war axe "Hydrabane" {spect, Drain rF+
                  | Int+3}
  1894 | D:2      | Found a faded altar of an unknown god.
  1991 | D:2      | Reached skill level 1 in Armour
  2120 | D:2      | You fall into a shaft and drop 2 floors!
  2162 | D:4      | Found a glowing drain.
  2173 | D:4      | Gained mutation: You have a pair of small antennae on your
                  | head. [demonic ancestry]
  2173 | D:4      | Reached XP level 4. HP: 36/36 MP: 4/4
  2192 | Sewer    | Entered a sewer
  2431 | Sewer    | Gained mutation: A meltable shield of frost defends you.
                  | (SH +4) [demonic ancestry]
  2431 | Sewer    | Reached XP level 5. HP: 24/41 MP: 5/5
  2437 | Sewer    | a jelly changed into a golden eye
  2437 | Sewer    | Noticed a golden eye
  2581 | Sewer    | Killed a golden eye
  2582 | Sewer    | Gained mutation: You are partially covered in thin metallic
                  | scales. (AC +2) [demonic ancestry]
  2582 | Sewer    | Reached XP level 6. HP: 47/47 MP: 6/6
  2660 | Sewer    | a jelly changed into a steam dragon
  2660 | Sewer    | Noticed a steam dragon
  2677 | Sewer    | Killed a steam dragon
  2678 | Sewer    | Reached skill level 5 in Armour
  2739 | Sewer    | Found a viscous altar of Jiyva.
  2854 | D:4      | Found Leibbial's Book Shop.
  3151 | D:3      | Gained mutation: You have a pair of antennae on your head.
                  | [demonic ancestry]
  3151 | D:3      | Reached XP level 7. HP: 52/52 MP: 7/7
  3249 | D:3      | Reached skill level 1 in Axes
  3320 | D:3      | Reached skill level 2 in Axes
  3874 | D:4      | Identified the +2 robe "Maebong" {-Cast rPois rN+}
  3921 | D:5      | Entered Level 5 of the Dungeon
  4467 | D:5      | Noticed Menkaure
  4474 | D:5      | Killed Menkaure
  4475 | D:5      | Reached skill level 3 in Axes
  4852 | D:6      | Reached skill level 4 in Axes
  4852 | D:6      | Reached XP level 8. HP: 59/59 MP: 8/8
  5083 | D:6      | Reached skill level 5 in Axes
  5232 | D:7      | Found a staircase to the Ecumenical Temple.
  5238 | Temple   | Entered the Ecumenical Temple
  5251 | Temple   | Became a worshipper of Warmaster Okawaru
  5343 | D:7      | Reached skill level 1 in Invocations
  5559 | D:7      | Reached skill level 6 in Axes
  5782 | D:7      | Noticed a troll
  5831 | D:7      | Killed a troll
  5831 | D:7      | Reached * piety under Okawaru
  5832 | D:7      | Gained mutation: A meltable icy envelope protects you from
                  | harm. (AC +8) [demonic ancestry]
  5832 | D:7      | Reached XP level 9. HP: 55/64 MP: 9/11
  6560 | D:7      | Found a staircase to the Ecumenical Temple.
  6993 | D:8      | Reached skill level 7 in Axes
  7046 | D:8      | Reached ** piety under Okawaru
  7047 | D:8      | Reached skill level 5 in Invocations
  7166 | D:8      | Reached skill level 8 in Axes
  7247 | D:8      | Found a runed translucent gate.
  7247 | D:8      | Found a runed translucent gate.
  7251 | D:8      | Found a runed translucent gate.
  7373 | D:8      | Noticed Ignak's ghost (novice OgHW)
  7439 | D:8      | Found an ornate altar of the Wu Jian Council.
  7448 | D:8      | Found a broken altar of Ashenzari.
  7715 | D:9      | Reached XP level 10. HP: 70/70 MP: 14/14
  7861 | D:9      | Reached *** piety under Okawaru
  7943 | D:9      | Reached skill level 9 in Axes
  8735 | D:10     | Entered Level 10 of the Dungeon
  8757 | D:10     | Noticed a death yak
  8759 | D:10     | Noticed a death yak
  8760 | D:10     | Noticed a death yak
  8760 | D:10     | Noticed a death yak
  8761 | D:10     | Noticed a death yak
  8764 | D:10     | Killed a death yak
  8764 | D:10     | Reached **** piety under Okawaru
  9139 | D:10     | Found a staircase to the Lair.
  9164 | D:10     | Killed a death yak
  9165 | D:10     | Reached skill level 10 in Axes
  9165 | D:10     | Killed a death yak
  9166 | D:10     | Reached XP level 11. HP: 28/75 MP: 17/17
  9170 | D:10     | Killed a death yak
  9170 | D:10     | Reached ***** piety under Okawaru
  9171 | D:10     | Killed a death yak
  9346 | D:10     | Found a radiant altar of Vehumet.
  9431 | D:10     | Noticed a two-headed ogre
  9435 | D:10     | Killed a two-headed ogre
  9487 | D:10     | Noticed a two-headed ogre
  9496 | D:10     | Killed a two-headed ogre
  9497 | D:10     | Reached skill level 11 in Axes
  9847 | D:11     | Found a staircase to the Orcish Mines.
 10098 | D:11     | Reached skill level 10 in Armour
 10140 | D:11     | Found a portal to a secret trove of treasure.
 10148 | D:11     | Reached skill level 10 in Invocations
 10550 | Lair:1   | Entered Level 1 of the Lair of Beasts
 10655 | Lair:1   | Reached skill level 1 in Evocations
 10660 | Lair:1   | Received a gift from Okawaru
 10665 | Lair:1   | Reached ****** piety under Okawaru
 10677 | Lair:1   | Reached skill level 12 in Axes
 11572 | Lair:2   | Gained mutation: You are mostly covered in thin metallic
                  | scales. (AC +3) [demonic ancestry]
 11572 | Lair:2   | Reached XP level 12. HP: 82/82 MP: 20/20
 12048 | Lair:2   | Found a transporter.
 12342 | Lair:2   | Found a transporter.
 12602 | D:11     | You paid a toll of 3 potions of resistance to enter a
                  | treasure trove
 12603 | Trove    | Entered a treasure trove
 12653 | Trove    | Identified the +1 pair of gloves of Dorur {Will+ Str+2
                  | Stlth+}
 12673 | Trove    | Identified the +3 buckler of Ennui {rC+ Str+3 Int-3}
 12978 | Lair:3   | Found a staircase to the Swamp.
 12984 | Lair:3   | Noticed Nessos
 12988 | Lair:3   | Reached skill level 13 in Axes
 12991 | Lair:3   | Killed Nessos
 12991 | Lair:3   | Identified the +0 robe "Ciplui Acli" {Dex+3} (Okawaru
                  | gifted it to you on level 3 of the Lair of Beasts)
 12991 | Lair:3   | Received a gift from Okawaru
 13008 | Lair:3   | Reached skill level 5 in Evocations
 13336 | Lair:3   | Noticed a death yak
 13344 | Lair:3   | Killed a death yak
 13477 | Lair:3   | Noticed a death yak
 13480 | Lair:3   | Gained mutation: You have a pair of large antennae on your
                  | head. (SInv) [demonic ancestry]
 13480 | Lair:3   | Reached XP level 13. HP: 57/90 MP: 22/22
 13502 | Lair:3   | Reached skill level 14 in Axes
 13511 | Lair:3   | Reached skill level 5 in Fighting
 13827 | Lair:3   | Found a staircase to the Snake Pit.
 14465 | Lair:4   | Identified the +1 executioner's axe "Lychoifur" {freeze,
                  | Will++ Stlth+} (Okawaru gifted it to you on level 4 of the
                  | Lair of Beasts)
 14465 | Lair:4   | Received a gift from Okawaru
 15047 | Lair:4   | Found a viscous altar of Jiyva.
 15047 | Lair:4   | Found a staircase to the Slime Pits.
 15379 | Lair:5   | Entered Level 5 of the Lair of Beasts
 15380 | Lair:5   | Found a frozen archway.
 15798 | IceCv    | Entered an ice cave
 16262 | IceCv    | Received a gift from Okawaru
 16325 | IceCv    | Reached skill level 15 in Axes
 16510 | IceCv    | Noticed a reaper
 16518 | IceCv    | Killed a reaper
 16519 | IceCv    | Reached XP level 14. HP: 66/101 MP: 21/24
 16911 | Lair:5   | Received a gift from Okawaru
 17276 | Lair:5   | Identified the +1 crystal plate armour of Extremely Toothy
                  | Awe {Int+3}
 17328 | Lair:5   | Received a gift from Okawaru
 18189 | D:12     | Identified the +2 cloak of Stoicism {Regen+ rCorr Str+3}
                  | (Okawaru gifted it to you on level 12 of the Dungeon)
 18189 | D:12     | Received a gift from Okawaru
 18210 | D:12     | Reached skill level 15 in Invocations
 18479 | D:12     | Reached skill level 16 in Axes
 19953 | D:14     | Reached XP level 15. HP: 94/112 MP: 23/26
 19970 | D:14     | Identified the +10 lajatang of the Volcano {flame, Str+4
                  | Dex+3 SInv Stlth+} (Okawaru gifted it to you on level 14 of
                  | the Dungeon)
 19970 | D:14     | Received a gift from Okawaru
 20301 | D:14     | Found a gate to the Vaults.
 20584 | D:15     | Entered Level 15 of the Dungeon
 20589 | D:15     | Found an opulent altar of Gozag.
 21061 | D:15     | Identified the +9 demon whip of Virtue {venom, rElec rCorr
                  | Int-3 SInv} (Okawaru gifted it to you on level 15 of the
                  | Dungeon)
 21061 | D:15     | Received a gift from Okawaru
 21276 | D:15     | Found a staircase to the Depths.
 21601 | D:15     | Reached skill level 10 in Evocations
 22065 | Orc:1    | Entered Level 1 of the Orcish Mines
 22292 | Orc:2    | Entered Level 2 of the Orcish Mines
 22325 | Orc:2    | Reached skill level 17 in Axes
 22507 | Orc:2    | Found a staircase to the Elven Halls.
 22789 | Orc:2    | Received a gift from Okawaru
 22873 | Orc:2    | Found Holor's Weapon Boutique.
 22873 | Orc:2    | Found Daoreti's Book Shoppe.
 22881 | Orc:2    | Found Onoes's Antique Weapon Boutique.
 22881 | Orc:2    | Found Wuleo's Armour Shoppe.
 22924 | Orc:2    | Bought the Thoughts on Exhumation for 506 gold pieces
 23325 | Snake:1  | Entered Level 1 of the Snake Pit
 23344 | Snake:1  | Noticed Jorgrun
 23344 | Snake:1  | Noticed Rupert
 23361 | Snake:1  | Killed Jorgrun
 23362 | Snake:1  | Killed Rupert
 23365 | Snake:1  | Gained mutation: You sometimes gain power by taking damage.
                  | [demonic ancestry]
 23365 | Snake:1  | Reached XP level 16. HP: 16/122 MP: 22/28
 23649 | Snake:1  | Received a gift from Okawaru
 23925 | Snake:1  | Reached skill level 10 in Fighting
 24154 | Snake:1  | Noticed Aizul
 24168 | Snake:1  | Killed Aizul
 24232 | Snake:1  | Noticed Louise
 24245 | Snake:1  | Killed Louise
 24360 | Snake:2  | Found Unnisaidi's Armour Emporium.
 24419 | Snake:2  | Noticed Saint Roka
 24442 | Snake:2  | Killed Saint Roka
 24442 | Snake:2  | Received a gift from Okawaru
 24816 | Snake:2  | Reached skill level 18 in Axes
 24850 | Snake:2  | Found Rocvirph's Armour Emporium.
 24850 | Snake:2  | Found Ojuunlie's Magic Scroll Shoppe.
 24852 | Snake:2  | Found Xani's General Store.
 24856 | Snake:2  | Found Kysatotwimn's Armour Shoppe.
 24924 | Snake:2  | Bought +0 gold dragon scales for 1600 gold pieces
 24947 | Snake:2  | Bought a scroll of acquirement for 832 gold pieces
 24947 | Snake:2  | Acquired a manual of Fighting
 25286 | Snake:3  | Noticed Kirke
 25300 | Snake:3  | Killed Kirke
 25313 | Snake:3  | Received a gift from Okawaru
 25387 | Snake:3  | Received a gift from Okawaru
 25913 | Snake:3  | Noticed Vashnia
 25926 | Snake:3  | Gained mutation: You are completely covered in thin
                  | metallic scales. (AC +4, rElec) [demonic ancestry]
 25926 | Snake:3  | Reached XP level 17. HP: 90/131 MP: 29/29
 25951 | Snake:3  | Killed Vashnia
 26076 | Snake:3  | Reached skill level 19 in Axes
 26186 | Snake:4  | Entered Level 4 of the Snake Pit
 26204 | Snake:4  | Noticed Mlioglotl
 26211 | Snake:4  | Killed Mlioglotl
 26533 | Snake:4  | Received a gift from Okawaru
 27019 | Snake:4  | Reached skill level 20 in Axes
 27045 | Snake:4  | Got a serpentine rune of Zot
 27360 | Snake:4  | Found Waimp's Antique Armour Shop.
 28227 | Vaults:1 | Entered Level 1 of the Vaults
 28397 | Vaults:1 | Received a gift from Okawaru
 28466 | Vaults:1 | Found Kucy's Assorted Antiques.
 28587 | Vaults:1 | Got the Lessons on the Oath and Topography
 28691 | Vaults:1 | Gained mutation: A meltable icy envelope protects you from
                  | harm. (AC +8) [demonic ancestry]
 28691 | Vaults:1 | Reached XP level 18. HP: 70/133 MP: 30/30
 28957 | Vaults:1 | Received a gift from Okawaru
 29032 | Vaults:1 | Reached skill level 21 in Axes
 29617 | Vaults:2 | Noticed Xtahua
 29620 | Vaults:2 | Paralysed by Xtahua for 4 turns
 29633 | Vaults:2 | Paralysed by Xtahua for 4 turns
 29641 | Vaults:2 | Killed Xtahua
 30192 | Vaults:2 | Received a gift from Okawaru
 30267 | Vaults:2 | Reached skill level 15 in Armour
 30535 | Vaults:2 | Identified the +8 battleaxe of Disembowelment {venom, rF+
                  | Stlth+} (Okawaru gifted it to you on level 2 of the Vaults)
 30535 | Vaults:2 | Received a gift from Okawaru
 30536 | Vaults:2 | Reached skill level 22 in Axes
 31060 | Vaults:2 | Reached XP level 19. HP: 75/139 MP: 31/31
 31501 | Vaults:3 | Noticed an ancient lich
 31511 | Vaults:3 | HP: 4/143 [ancient lich/crystal spear (61)]
 31514 | Vaults:3 | Killed an ancient lich
 31536 | Vaults:3 | Noticed Boris
 31549 | Vaults:3 | Mangled by an ironbound thunderhulk

Illustrated notes

Levels and vault maps discovered:
D:1:      lightli_iron_boxes, layout_loops_ring, serial_park_tiny_2
D:2:      minmay_roachtagon, layout_basic,
          hellmonk_ecumenical_altar_leap_of_faith, minmay_pentomino_x4
D:3:      cheibrodos_pilgrimage, layout_rooms
D:4:      nicolae_BIG_FREAKIN_CUBE, layout_gridville, serial_shops,
          nicolae_shop_hallway_plus, cheibrodos_sewer_entry_drain,
          chequers_serial_rivers_small_a
D:5:      layout_loops_corners, saegor_snake_ambush, uniq_menkaure
D:6:      layout_rooms, nicolae_fountain_basement
D:7:      layout_cave_pods, minmay_temple_entry_wispy, grunt_tough_drop
D:8:      layout_cave_pools, mainiacjoe_overflow_swirl, gammafunk_ghost_icy,
          grunt_decor_cap
D:9:      layout_irregular_city, overflow_temple_1_default,
          serial_co_window_serial, co_window_paths_b, co_window_paths_b,
          co_window_corner_a, co_window_paths_b, co_window_corner_a,
          co_window_of_opportunity_a, co_window_paths_a, co_window_corner_a,
          co_window_paths_b, co_window_unsneaky_path_a,
          co_window_unsneaky_path_a, co_window_cross_2, co_window_broadway_c,
          co_window_2corner, co_window_paths_e, kennysheep_generic_room_15
D:10:     layout_stronghold, fiery_altar_vehumet, dpeg_lair_monsters
D:11:     layout_cave_pools, orc_0_dummy, nicolae_trove_entry_path_of_doom
D:12:     layout_layer_cave, minivault_28
D:13:     layout_irregular_city, minivault_7
D:14:     layout_loops_ring, david_vaults_2, hangedman_decor_peaks_small
D:15:     gammafunk_enter_depths_forms, layout_stronghold,
          grunt_gozag_breadcrumbs
Temple:   nicolae_temple_bog_church
Lair:1:   layout_regular_city, fungi_pond_lemuel, serial_bayou_shore_b,
          lemuel_fruit_fields
Lair:2:   gammafunk_cloud_chamber, layout_cave_pods, grunt_megastairs_4
Lair:3:   layout_regular_city, minmay_swamp_entry_reptiles,
          minmay_snake_entry_guardpost_medium, uniq_nessos
Lair:4:   pond_and_an_island_with_a_cottage, layout_cellular_growth,
          dpeg_slime_entry_corner
Lair:5:   minmay_lair_end_frog_pond, layout_regular_city, portal_ice_cave_rime,
          lemuel_fruit_fields
Snake:1:  layout_basic, nicolae_snake_slithery_corners,
          statue_in_the_mist_lemuel, uniq_jorgrun, uniq_aizul, uniq_rupert,
          uniq_louise
Snake:2:  layout_onion_interference, serial_shops, nicolae_square_shop,
          st_stairs_13, minmay_shoptagon, uniq_saint_roka
Snake:3:  layout_misc_corridors, guppyfry_snake_island, grunt_megastairs_5,
          uniq_vashnia, uniq_kirke
Snake:4:  grunt_snake_rune_spirals, layout_concentric_octagons, serial_shops,
          nicolae_shop_overgrown_old_shop, uniq_mlioglotl
Orc:1:    layout_caves
Orc:2:    grunt_orc_tribal_feast, layout_caves, guppyfry_library_mini
Vaults:1: ontoclasm_vaults_echo, ontoclasm_vaults_fault, hangedman_vaults_snaps,
          hangedman_vaults_unwind, nicolae_vaults_puzzle_piece,
          vaults_room_boxed, nicolae_vaults_circle_grid_a, vaults_mumra_hex,
          nicolae_vaults_yaktaur_gun_rack, grunt_vaults_hallway_long,
          vaults_dpeg_ring, layout_vaults_ring, serial_shops, shop_fountains
Vaults:2: vaults_room_fancy_cross, nicolae_vaults_arrows, ontoclasm_vaults_spin,
          vaults_dpeg_diagonal, v_misc_27, ontoclasm_vaults_gateway,
          v_pattern_2, nicolae_vaults_meeting, v_misc_26,
          hangedman_vaults_impose, ontoclasm_vaults_eye, vaults_room_hallway,
          vaults_dpeg_hooks, v_misc_16, nicolae_vaults_little_ls,
          vaults_dpeg_encased_lava, layout_vaults_omnibox, uniq_xtahua
Vaults:3: vaults_standard_mumra_x, hangedman_vaults_river_flow,
          nicolae_vaults_branching_niches, nicolae_vaults_circle_grid_b,
          nicolae_vaults_big_angled_halls, nicolae_vaults_alarming,
          hangedman_vaults_slice, layout_vaults_quadrants, dummy_crypt_entry,
          serial_shops, nicolae_shop_bloodbath_and_beyond, uniq_boris,
          uniq_frederick

Skill      XL: |  1  2  3  4  5  6  7  8  9 10 11 12 13 14 15 16 17 18 |
---------------+-------------------------------------------------------+-----
Maces & Flails | 1 2 |  2.1
Armour         | 1 3 4 5 6 7 8 9 10 11 12 13 15 | 15.6
Axes           | 4 6 8 10 12 13 15 16 17 18 20 22 | 22.6
Invocations    | 3 6 8 10 12 14 15 16 | 16.2
Evocations     | 3 5 7 9 10 11 | 11.2
Fighting       | 4 6 8 9 11 | 11.0
Throwing       | |  1.0
Dodging        | |  1.0
Shields        | |  1.7
Unarmed Combat | |  2.6

Action                     |  1- 3 |  4- 6 |  7- 9 | 10-12 | 13-15 | 16-18 | 19-21 || total
---------------------------+-------+-------+-------+-------+-------+-------+-------++-------
  Melee: Club              |   171 |       |       |       |       |       |       ||   171
         Dagger            |    54 |   153 |       |       |       |       |       ||   207
         Unarmed           |       |    12 |       |       |       |       |       ||    12
         War axe           |       |     3 |   143 |   250 |   806 |   597 |       ||  1799
         Executioner's axe |       |       |       |       |       |   416 |    81 ||   497
 Invoke: Heroism           |       |       |       |     7 |    19 |    23 |     1 ||    50
         Finesse           |       |       |       |     1 |     5 |    11 |     1 ||    18
  Evoke: Wand              |       |     7 |     1 |     1 |    16 |     2 |       ||    27
    Use: Scroll            |     2 |     2 |     7 |     4 |    13 |    13 |     6 ||    47
         Potion            |       |     2 |       |     2 |     1 |     3 |     3 ||    11
   Stab: Paralysed         |       |       |     3 |       |       |       |       ||     3
         Distracted        |       |       |     1 |    12 |    30 |    19 |       ||    62
         Sleeping          |       |       |       |       |     8 |     3 |       ||    11
 Armour: Leather armour    |     8 |       |       |       |       |       |       ||     8
         Ring mail         |    85 |    65 |    34 |    82 |   213 |    50 |       ||   529
         Plate armour      |    10 |       |       |       |       |       |       ||    10
         Skin              |       |    19 |       |       |       |       |       ||    19
         Gold dragon scale |       |       |       |       |       |   394 |    63 ||   457
  Dodge: Dodged            |   112 |    79 |    38 |    58 |   187 |   177 |    23 ||   674
  Block: Buckler           |    40 |    43 |   110 |   129 |   446 |   331 |       ||  1099
         Reflection        |       |       |     8 |    12 |    22 |    84 |     2 ||   128
         Other             |       |       |       |       |       |   133 |    37 ||   170

Table legend: (Time is in decaauts)
 A = Elapsed time spent in this place.
 B = Non-inter-level travel time spent in this place.
 C = Inter-level travel time spent in this place.
 D = Time resting spent in this place.
 E = Time spent auto-exploring this place.
 F = Levels seen in this place.
 G = Mean time per level.
                   A        B        C        D        E       F      G
               +--------+--------+--------+--------+--------+-----+--------+
         Total |  31165 |  29333 |   1832 |   3914 |  19807 |  33 |  944.4 |
       Dungeon |  14326 |  13407 |    919 |   1410 |   9968 |  15 |  955.1 |
        Temple |     20 |     14 |      6 |      0 |      1 |   1 |   20.0 |
          Lair |   6360 |   5685 |    675 |    463 |   4288 |   5 | 1272.0 |
     Snake Pit |   4487 |   4350 |    137 |    803 |   2523 |   4 | 1121.8 |
  Orcish Mines |   1067 |    999 |     68 |     27 |    743 |   2 |  533.5 |
        Vaults |   3183 |   3159 |     24 |    611 |   1815 |   3 | 1061.0 |
         Trove |    177 |    177 |      0 |      0 |     28 |   1 |  177.0 |
         Sewer |    661 |    661 |      0 |    195 |    181 |   1 |  661.0 |
      Ice Cave |    880 |    880 |      0 |    405 |    259 |   1 |  880.0 |
               +--------+--------+--------+--------+--------+-----+--------+

Top non-repeatable levels by time:
Vaults:2: 1877 daAuts
     D:7: 1803 daAuts
 Snake:4: 1694 daAuts
  Lair:4: 1593 daAuts
    D:15: 1406 daAuts
     D:2: 1401 daAuts
     D:9: 1302 daAuts
  Lair:2: 1281 daAuts
  Lair:5: 1279 daAuts
Vaults:1: 1195 daAuts
  Lair:3: 1184 daAuts
    D:12: 1089 daAuts
    D:10: 1079 daAuts
  Lair:1: 1021 daAuts
 Snake:1: 1010 daAuts
